 Dungeon Crawl Stone Soup version 0.31-a0-700-gf13585253f (webtiles) character file.

Game seed: 2147612130329100128

77 qw the Shooter (level 4, -6/28 HPs)
             Began as a Gargoyle Hunter on Sept 7, 2023.
             Blown up by Ijyb (16 damage)
             ... with a mindburst bolt
             ... on level 2 of the Dungeon.
             The game lasted 00:00:33 (1007 turns).

qw the Shooter (Gargoyle Hunter)                    Turns: 1007, Time: 00:00:33

Health: -6/28      AC:  9    Str: 14    XL:     4   Next: 33%
Magic:  4/4        EV: 10    Int: 10    God:
Gold:   57         SH:  0    Dex: 15    Spells: 3/3 levels left

rFire   . . .        Y - +0 shortbow (freeze)
rCold   + . .        (shield currently unavailable)
rNeg    + + .        j - +0 ring mail
rPois   inf          (no helmet)
rElec   +            h - +0 cloak
rCorr   .            (no gloves)
SInv    .            (no boots)
Will    .....        (no amulet)
Stlth   +            i - ring of positive energy
HPRegen 0.24/turn    b - ring of protection from cold
MPRegen 0.09/turn

%: no passive effects
@: no status effects
A: sickness immunity, AC +3, negative energy resistance 1, electricity
resistance, torment resistance 1, petrification resistance
a: no special abilities


You were on level 2 of the Dungeon.
You visited 1 branch of the dungeon, and saw 3 of its levels.

You collected 57 gold pieces.


Innate Abilities, Weirdness & Mutations

You are immune to sickness and miasma.
Your stone body is resilient. (AC +3)
You are immune to poison.
You resist negative energy. (rN+)
You are resistant to electric shocks. (rElec)
You are resistant to unholy torment.
You are immune to petrification.


   Skills:
 - Level 3.2 Fighting
 + Level 5.0 Ranged Weapons
 - Level 1.0 Armour
 - Level 1.5 Dodging
 - Level 1.1 Stealth


You had 3 spell levels left.
You didn't know any spells.
Your spell library was empty.

Inventory:

Hand Weapons
 Y - a +0 shortbow of freezing (weapon)
Armour
 h - a +0 cloak (worn)
 j - a +0 ring mail (worn)
Jewellery
 b - a ring of protection from cold (right hand)
 i - a ring of positive energy (left hand)
 l - a ring of fire
Scrolls
 c - a scroll of teleportation
 k - a scroll of identify
Potions
 d - a potion of haste
 e - a potion of curing
 g - a potion of heal wounds {unknown}
 q - a potion of degeneration {unknown}

Dungeon Overview and Level Annotations

Branches:
Dungeon (3/15)

Altars:

Annotations:
D:2 Ijyb
D:3 Terence


Message History

f - a potion of brilliance
992 ||| IDENTIFYING sedimented emerald potion Done exploring.
993 ||| DROPPING potion of brilliance.
You drop a potion of brilliance.
Done exploring.
What level of the Dungeon? (default 2, ? - help)
There is a stone staircase leading down here.
You climb downwards.
Ijyb shouts!
Terence shouts!
The adder hisses angrily.
The endoplasm quivers.
Found 4 gold pieces, a rapier and a scroll labelled KAL TUTEOHY.
Found a stone staircase leading down.
There is a stone staircase leading up here.
There are monsters nearby!
Waypoint 2 assigned to D:3.
998 |||
Found retreat position at -3,-2 (floor) with 0 blocking monsters and 3 monsters attacking at destination at distance 3
998 ||| STAIRDANCE Ijyb zaps a wand.
Your mind is blasted!
Ouch! That really hurt!
You climb upwards.
There is a stone staircase leading down here.
You shoot an arrow. The arrow hits Ijyb but does no damage.
Ijyb hits you but does no damage.
You shoot an arrow. The arrow hits Ijyb but does no damage.
Ijyb zaps a wand.
You barely resist. You shoot an arrow. The arrow barely misses Ijyb.
Ijyb hits you but does no damage.
You shoot an arrow. The arrow barely misses Ijyb.
Ijyb hits you with a +0 club. Ijyb hits you but does no damage.
You shoot an arrow. The arrow barely misses Ijyb.
Ijyb hits you with a +0 club.
You shoot an arrow. The arrow hits Ijyb but does no damage.
Ijyb hits you but does no damage.
You shoot an arrow. The arrow closely misses Ijyb.
Ijyb closely misses you.
You shoot an arrow. The arrow hits Ijyb.
The arrow freezes Ijyb.
Ijyb is lightly wounded.
Ijyb zaps a wand.
You barely resist.
Ijyb zaps a wand.
Your mind is blasted!
Ouch! That really hurt!
You die...

#.#.###.## #.# #.#
..#.# #..# #%# #.#
....####.#######.#
#.#
.....###.......#.#
#.#
.###...#######...##
#.#
..####..####......##
#.# ..#
##.........!..###.#
..###
####..........##.##
....####
#......@...##..#
#......#
#..%..>g...###.#
##.###.#
#..........# #.# #.#
### #..........###.#
#.# ##...........#.#
##.####
##........##.#.#
..%...#
#..........#.#.#
####..##
#..........#...#
##..#
#..........##..#


You could see Ijyb.

Vanquished Creatures
  Jessica (D:2)
  An adder (D:2)
  3 worms (D:2)
  5 endoplasms
  A giant cockroach (D:1)
  3 hobgoblins
  4 quokkas
  3 ball pythons (D:1)
  4 bats
  2 kobolds (D:2)
  8 rats
35 creatures vanquished.

Notes
Turn   | Place    | Note
-------+----------+-------------------------------------------
     0 | D:1      | qw the Gargoyle Hunter began the quest for the Orb.
     0 | D:1      | Reached XP level 1. HP: 12/12 MP: 1/1
     0 | D:1      | 0 ||| qw: Version: 0.3-a-76-g4403597
     0 | D:1      | 0 ||| qw: Game counter: 507
     0 | D:1      | 0 ||| qw: Melee chars always use a shield: true
     0 | D:1      | 0 ||| qw: God list: Okawaru
     0 | D:1      | 0 ||| qw: Allow faded altars: false
     0 | D:1      | 0 ||| qw: Do Orc after clearing Dungeon:15 true
     0 | D:1      | 0 ||| qw: Do second Lair branch before Depths: true
     0 | D:1      | 0 ||| qw: Lair rune preference: random
     0 | D:1      | 0 ||| qw: Goals: Normal
     0 | D:1      | 0 ||| PLANNING D:1-11
    87 | D:1      | Reached XP level 2. HP: 17/17 MP: 2/2
   484 | D:1      | 484 ||| UPGRADING to +0 cloak.
   489 | D:1      | 489 ||| UPGRADING to +0 ring mail.
   499 | D:1      | 499 ||| DROPPING +0 leather armour.
   500 | D:1      | 500 ||| DROPPING scarf of harm.
   501 | D:1      | 501 ||| UPGRADING to ring of positive energy.
   502 | D:1      | 502 ||| READING scroll labelled DENAIDGH XUQYME.
   503 | D:1      | 503 ||| READING scroll labelled HUOSUT GISHU.
   504 | D:1      | 504 ||| READING scroll labelled IZURRAUH XEQE.
   505 | D:1      | 505 ||| DRINKING 2 cyan potions.
   506 | D:1      | 506 ||| DRINKING 2 fizzy emerald potions.
   507 | D:1      | 507 ||| DRINKING 2 bubbling orange potions.
   508 | D:1      | 508 ||| DROPPING scroll of butterflies.
   509 | D:1      | 509 ||| DROPPING potion of attraction.
   594 | D:2      | Reached skill level 1 in Armour
   594 | D:2      | Reached XP level 3. HP: 21/21 MP: 3/3
   656 | D:2      | Reached skill level 5 in Ranged Weapons
   798 | D:2      | Noticed Jessica
   803 | D:2      | Killed Jessica
   804 | D:2      | Reached skill level 3 in Fighting
   804 | D:2      | Reached XP level 4. HP: 28/28 MP: 4/4
   985 | D:2      | 985 ||| UPGRADING to ring of protection from cold.
   986 | D:2      | 986 ||| READING scroll labelled ALLIXZ FUVIAFE.
   987 | D:2      | 987 ||| READING 2 scrolls labelled BIYLUU NUPHES.
   992 | D:2      | 992 ||| READING 2 scrolls of identify.
   992 | D:2      | 992 ||| IDENTIFYING sedimented emerald potion
   993 | D:2      | 993 ||| DROPPING potion of brilliance.
   997 | D:3      | Noticed Ijyb
   997 | D:3      | Noticed Terence
   998 | D:3      | 998 ||| STAIRDANCE
  1007 | D:2      | Blown up by Ijyb

Levels and vault maps discovered:
D:1:      dpeg_arrival_arbitrary_b, layout_rooms, minmay_pentomino_w4
D:2:      layout_rooms, uniq_jessica
D:3:      layout_loops_cross, ebering_ghost_sewer_f, nicolae_shop_vocational,
          uniq_ijyb, uniq_terence

Skill      XL: |  1  2  3 |
---------------+----------+-----
Armour         | 1 |  1.0
Ranged Weapons | 5 |  5.0
Fighting       | 3 |  3.2
Dodging        | |  1.5
Stealth        | |  1.1

Action                     |  1- 3 |  4- 6 || total
---------------------------+-------+-------++-------
   Fire: Shortbow          |    95 |    22 ||   117
    Use: Scroll            |     3 |     3 ||     6
         Potion            |     3 |       ||     3
 Armour: Leather armour    |    15 |       ||    15
         Ring mail         |     4 |    14 ||    18
  Dodge: Dodged            |    23 |    17 ||    40

Table legend:
 A = Non-vault XP
 B = Vault XP
 C = Vault XP percentage of total XP
 D = Non-vault monster count
 E = Vault monster count
 F = Vault count percentage of total count
                 A         B        C        D         E       F
            +---------+---------+-------+---------+---------+-------
      Total |      64 |      46 |  41.8 |      28 |       7 |  20.0
            +---------+---------+-------+---------+---------+-------
        D:1 |      19 |       9 |  32.1 |      12 |       6 |  33.3
        D:2 |      45 |      37 |  45.1 |      16 |       1 |   5.9
            +---------+---------+-------+---------+---------+-------
